 Dungeon Crawl Stone Soup version 0.30-a0-718-geaa24f58ff (webtiles) character file.

Game seed: 4718737688998171914

172 Arximoufas the Chopper (level 5, -1/41 HPs)
             Began as a Demonspawn Warper on Jan 25, 2023.
             Succumbed to a water moccasin's poison
             ... on level 5 of the Dungeon.
             The game lasted 00:14:32 (2822 turns).

Arximoufas the Chopper (Demonspawn Warper)          Turns: 2822, Time: 00:14:33

Health: -1/41      AC:  3    Str: 12    XL:     5   Next: 27%
Magic:  15/17      EV: 12    Int: 20    God:
Gold:   147        SH:  0    Dex: 12    Spells: 6/8 levels left

rFire   . . .      SeeInvis .    a - +0 hand axe
rCold   . . .      Faith    .    (no shield)
rNeg    . . .      Spirit   .    b - +0 leather armour
rPois   .          Reflect  .    (no helmet)
rElec   .          Harm     .    (no cloak)
rCorr   .          Rampage  .    (no gloves)
Will    .....                    (no boots)
Stlth   +                        (no amulet)
HPRegen 0.26/turn                h - +4 ring of slaying
MPRegen 0.15/turn                i - ring of magical power

@: lethally poisoned (-1 -> -12)
A: big brain 2
a: no special abilities


You were on level 5 of the Dungeon.
You visited 1 branch of the dungeon, and saw 5 of its levels.

You collected 147 gold pieces.

Inventory:

Hand Weapons
 a - a +0 hand axe (weapon)
Missiles
 d - 7 boomerangs of dispersal (quivered)
Armour
 b - a +0 leather armour (worn)
 r - an orb of energy
Jewellery
 h - a +4 ring of slaying (left hand)
 i - a ring of magical power (right hand)
 p - an amulet of magic regeneration
 t - an amulet of faith
Scrolls
 l - a scroll of enchant weapon
 n - a scroll of fear
Potions
 j - a potion of flight {unknown}
 k - a potion of ambrosia {unknown}
 m - 2 potions of heal wounds {unknown}
 q - a potion of cancellation {unknown}


   Skills:
 + Level 3.1 Fighting
 * Level 3.7 Axes
 - Level 0.8 Throwing
 - Level 0.8 Armour
 + Level 2.7 Dodging
 - Level 2.0 Spellcasting
 - Level 3.0 Translocations


You had 6 spell levels left.
You knew the following spells:

 Your Spells              Type           Power      Damage    Failure   Level
a - Blink                 Tloc           28%        N/A       9%          2

Your spell library contained the following spells:

 Spells                   Type           Power      Damage    Failure   Level
 Lesser Beckoning         Tloc           28%        N/A       9%          2
 Teleport Other           Tloc           14%        N/A       17%         3
 Vhi's Electric Charge    Tloc/Air       16%        N/A       32%         3
 Manifold Assault         Tloc           14%        N/A       50%         4


Dungeon Overview and Level Annotations

Branches:
Dungeon (5/15)
 Temple: D:4-7

Altars:

Shops:
D:2 :

Annotations:
D:4 Robin


Innate Abilities, Weirdness & Mutations

You have an extremely huge brain. (Int +4)


Message History

The adder hisses angrily.
The water moccasin hisses angrily.
The water moccasin bites you but does no damage.
Found 9 stones.
There is a stone staircase leading up here.
Okay, then.
Casting: Blink (safe; 9% risk of failure)
Confirm with . or Enter, or press ? or * to list all spells.
You blink.
Casting: Blink (safe; 9% risk of failure)
Confirm with . or Enter, or press ? or * to list all spells.
Okay, then.
Unknown command.
As you read the scroll labelled ROUHYC NUS CIR, it crumbles to dust.
You feel strangely unstable.
It was a scroll of teleportation.
You feel better. The water moccasin bites you!
* * * LOW HITPOINT WARNING * * *
The hobgoblin misses you.
You completely miss the hobgoblin.
You hit the water moccasin but do no damage.
You hit the adder. The adder bites you but does no damage.
The water moccasin barely misses you. The adder closely misses you.
The hobgoblin misses you. The water moccasin bites you!
* * * LOW HITPOINT WARNING * * *
You are lethally poisoned!
The water moccasin poisons you!
You barely miss the hobgoblin. You hit the adder. You hit the water moccasin.
You feel stable enough to blink again.
* * * LOW HITPOINT WARNING * * *
You feel very sick. The adder closely misses you.
The water moccasin bites you but does no damage.
The hobgoblin closely misses you.
You hit the hobgoblin.
You kill the hobgoblin!
You hit the water moccasin but do no damage.
You closely miss the adder.
Your surroundings suddenly seem different.
An ufetubus comes into view.
Found 11 gold pieces.
Found a stone staircase leading down.
You die...

~~?~.~......~
...................#
.##.###.#..........#
#..?...............##
....................
O####.###.....$....#
.g)<.......#.......##
##########..........#
#.....@...#
#.5#...#...# #####
>.# # .# # .. # .. #
. # #


You could see an ufetubus (asleep).

Vanquished Creatures
  A phantom (D:4)
  An adder (D:2)
  2 gnolls (D:5)
  A worm (D:2)
  A dart slug (D:2)
  9 ball pythons
  4 bats
  6 endoplasms
  3 giant cockroaches
  8 goblins
  11 hobgoblins
  7 kobolds
  4 quokkas
  3 frilled lizards (D:1)
  3 rats (D:2)
64 creatures vanquished.

Notes
Turn   | Place    | Note
-------+----------+-------------------------------------------
     0 | D:1      | Arximoufas the Demonspawn Warper began the quest for the
                  | Orb.
     0 | D:1      | Reached XP level 1. HP: 16/16 MP: 3/3
   413 | D:1      | Gained mutation: You have an unusually large brain. (Int
                  | +2) [demonic ancestry]
   413 | D:1      | Reached XP level 2. HP: 22/22 MP: 5/5
  1361 | D:2      | Found a faded altar of an unknown god.
  1365 | D:2      | Reached XP level 3. HP: 28/28 MP: 6/6
  1629 | D:2      | Learned a level 2 spell: Blink
  2268 | D:2      | Gained mutation: You have an extremely huge brain. (Int +4)
                  | [demonic ancestry]
  2268 | D:2      | Reached XP level 4. HP: 34/34 MP: 7/7
  2278 | D:2      | Found Uleqowau's Book Emporium.
  2553 | D:3      | You fall into a shaft and drop 1 floor!
  2580 | D:4      | Noticed a phantom
  2605 | D:4      | Killed a phantom
  2606 | D:4      | Reached XP level 5. HP: 39/41 MP: 8/8
  2611 | D:4      | Noticed Robin
  2630 | D:5      | Entered Level 5 of the Dungeon
  2769 | D:5      | Noticed an ogre
  2816 | D:5      | Noticed a water moccasin
  2821 | D:5      | HP: 2/41 [poisoned by a water moccasin]
  2822 | D:5      | Succumbed to a water moccasin's poison

Illustrated notes

Levels and vault maps discovered:
D:1:      mrwooster_arrival_statue_3, layout_basic, corexii_corridor_pit,
          kennysheep_doodads
D:2:      minmay_recursive_quarters, layout_basic, serial_shops,
          nicolae_shop_hallway_stairs, basic_ecumenical_altar, minmay_tromino_i2
D:3:      layout_basic, nicolae_overflow_hidden_temple, kennysheep_cross_room,
          uniq_grinder
D:4:      layout_cave_pools, grunt_temple_overflow_open, uniq_robin, uniq_pikel
D:5:      layout_rooms, minmay_temple_entry_butterflies, chequers_big_river

Skill      XL: |  1  2  3  4 |
---------------+-------------+-----
Axes           | 2 3 |  3.7
Dodging        | 2 |  2.7
Fighting       | 3 |  3.1
Translocations | 3 |  3.0
Throwing       | |  0.8
Armour         | |  0.8
Spellcasting   | |  2.0

Action                     |  1- 3 |  4- 6 || total
---------------------------+-------+-------++-------
  Melee: Hand axe          |   134 |    32 ||   166
   Cast: Blink             |       |     1 ||     1
    Use: Potion            |     1 |     1 ||     2
         Scroll            |       |     7 ||     7
   Stab: Sleeping          |       |     1 ||     1
 Armour: Leather armour    |    28 |     6 ||    34
  Dodge: Dodged            |    82 |    34 ||   116

Table legend: (Time is in decaauts)
 A = Elapsed time spent in this place.
 B = Non-inter-level travel time spent in this place.
 C = Inter-level travel time spent in this place.
 D = Time resting spent in this place.
 E = Time spent auto-exploring this place.
 F = Levels seen in this place.
 G = Mean time per level.
                   A        B        C        D        E       F      G
               +--------+--------+--------+--------+--------+-----+--------+
         Total |   2847 |   2776 |     71 |    788 |   1403 |   5 |  569.4 |
       Dungeon |   2847 |   2776 |     71 |    788 |   1403 |   5 |  569.4 |
               +--------+--------+--------+--------+--------+-----+--------+

Top non-repeatable levels by time:
     D:1: 1334 daAuts
     D:2: 1225 daAuts
     D:5: 183 daAuts
     D:4: 88 daAuts
     D:3: 15 daAuts
